 Dungeon Crawl Stone Soup version 0.28-a0-511-gcc94558de3 (webtiles) character file.

Game seed: 2359158855199428064

40081 jasper the Convoker (level 13, -8/92 HPs)
             Began as a Demonspawn Conjurer on Sept 21, 2021.
             Was a Follower of Sif Muna.
             Mangled by a komodo dragon (15 damage)
             ... anointed by Ignis
             ... on level 5 of the Lair of Beasts.
             The game lasted 00:49:37 (25148 turns).

jasper the Convoker (Demonspawn Conjurer)          Turns: 25148, Time: 00:49:38

Health: -8/92      AC: 11    Str:  9    XL:     13   Next: 72%
Magic:  8/25       EV: 13    Int: 26    God:    Sif Muna [*.....]
Gold:   1898       SH:  6    Dex: 14    Spells: 4/28 levels left

rFire   . . .      SeeInvis .   N - staff of fire
rCold   + . .      Faith    .   p - +1 buckler
rNeg    . . .      Spirit   .   C - +0 steam dragon scales
rPois   .          Reflect  .   q - +0 helmet
rElec   .          Harm     .   x - +0 cloak
rCorr   .          Rampage  .   (no gloves)
Will    +....                   (boots unavailable)
Stlth   +++.......              (no amulet)
HPRegen 0.25/turn               g - ring "Zuaqonek" {rC+ Will+ Int+3 Stlth+}
MPRegen 0.19/turn               A - ring of the Forsaken Orbs {AC+4 Str+2}

@: hasted, fire susceptible, very quick
A: hooves 3, spiny 2, demonic magic 2
a: Renounce Religion, Channel Magic


You were on level 5 of the Lair of Beasts.
You worshipped Sif Muna.
Sif Muna was aware of your devotion.
You visited 2 branches of the dungeon, and saw 19 of its levels.
You also visited: Bailey and Ice Cave.

You collected 1898 gold pieces.

Inventory:

Hand Weapons
 b - a +1 dagger
 h - a +1 morningstar of venom
 w - a +4 quarterstaff of chaos
Missiles
 c - 147 poisoned darts
 k - 309 stones
 L - 12 throwing nets
 O - 2 curare-tipped darts
Armour
 a - a +0 robe
 p - a +1 buckler (worn)
 q - a +0 helmet (worn)
 x - a +0 cloak (worn)
 y - a +0 kite shield
 C - +0 steam dragon scales (worn)
 K - a +2 robe of cold resistance
 Q - a +0 troll leather armour
Magical Staves
 B - a staff of cold
 H - a staff of conjuration
 N - a staff of fire (weapon)
Jewellery
 g - the ring "Zuaqonek" (left hand) {rC+ Will+ Int+3 Stlth+}
   (You acquired it on level 4 of the Dungeon)

   [ring of protection from cold]

   Int:       It affects your intelligence (+3).
   rC:        It protects you from cold.
   Will:      It increases your willpower.
   Stlth:     It makes you more stealthy.
 j - an amulet of guardian spirit
 v - a ring of resist corrosion
 A - the ring of the Forsaken Orbs (right hand) {AC+4 Str+2}
   (You found it on level 10 of the Dungeon)

   [ring of protection]

   AC:        It affects your AC (+4).
   Str:       It affects your strength (+2).
 F - a +4 ring of slaying
 T - a +6 ring of dexterity
Wands
 e - a wand of digging (5)
 t - a wand of charming (8)
 D - a wand of polymorph (10)
 I - a wand of iceblast (22)
 U - a wand of mindburst (12)
Scrolls
 i - 3 scrolls of amnesia
 u - 4 scrolls of teleportation
 G - 2 scrolls of brand weapon
 M - 3 scrolls of fog
 S - 4 scrolls of identify
 V - a scroll of enchant weapon
Potions
 f - 5 potions of attraction
 l - 4 potions of curing
 m - 15 potions of degeneration
 n - 2 potions of invisibility
 o - 2 potions of cancellation
 r - 2 potions of haste
 s - 3 potions of might
 z - 3 potions of lignification
 E - 2 potions of flight
 J - 3 potions of mutation
 P - a potion of ambrosia


   Skills:
 + Level 5.4 Fighting
 + Level 3.7 Dodging
 - Level 1.7 Stealth
 - Level 4.0 Shields
 + Level 8.0 Spellcasting
 - Level 10.0 Conjurations
 - Level 5.0 Hexes
 - Level 17.0 Summonings
 - Level 3.5 Translocations
 * Level 6.5 Invocations


You had 4 spell levels left.
You knew the following spells:

 Your Spells              Type           Power      Damage    Failure   Level
a - Magic Dart            Conj           100%       1d8       1%          1
b - Searing Ray           Conj           100%       2d8       1%          2
c - Summon Ice Beast      Ice/Summ       53%        N/A       1%          4
d - Sublimation of Blood  Necr           5%         N/A       9%          2
e - Fulminant Prism       Conj/Hex       24%        3d13      2%          4
f - Iskenderun's Mystic   Conj/Tloc      45%        2d10      3%          4
g - Summon Hydra          Summ           39%        N/A       4%          7

Your spell library contained the following spells:

 Spells                   Type           Power      Damage    Failure   Level
 Shock                    Conj/Air       100%       1d9       1%          1
 Dazzling Flash           Conj/Hex       98%        N/A       1%          3
 Hailstorm                Conj/Ice       36%        3d9       7%          4
 Wereblood                Tmut           10%        N/A       9%          2
 Frozen Ramparts          Ice            20%        1d4       17%         3
 Ice Form                 Ice/Tmut       10%        N/A       50%         4
 Simulacrum               Ice/Necr       5%         N/A       100%        6


Dungeon Overview and Level Annotations

Branches:
Dungeon (13/15)            Temple (0/1) D:4            Lair (6/6) D:11
 Shoals (0/4) Lair:4       Spider (0/4) Lair:4          Orc (0/2) D:9
 Bailey (visited)           IceCv (visited)
  Slime: Lair:5-6    Vaults: D:13-14

Altars:
Fedhas
Qazlal
Sif Muna
Uskayaw
Vehumet
Yredelemnul
The Shining One
Ignis

Shops:
D:12 (

Annotations:
D:2 Jessica
D:3 Ijyb
D:7 Joseph
D:8 Maggie
D:11 1 runed translucent door


Innate Abilities, Weirdness & Mutations

You have hooves in place of feet.
You are mostly covered in sharp spines.
Spells you cast may paralyse nearby enemies.


Message History

There is a stone staircase leading down here.
You take 4 damage, and have 81/92 hp.
You hit the komodo dragon.
The komodo dragon is lightly wounded.
The komodo dragon bites you!
You are engulfed in flames!
You take 28 damage, and have 53/92 hp.
MASSIVE DAMAGE!!
The komodo dragon barely misses you.
Press: ? - help, v - describe, . - travel
Here: a komodo dragon (lightly wounded, flame-wreathed)
The floor.
Unknown command.
Okay, then.
The komodo dragon hisses menacingly.
The komodo dragon is struck by your spines.
The komodo dragon bites you but does no damage.
You block the komodo dragon's attack. You block the komodo dragon's attack.
The komodo dragon bites you.
You are engulfed in flames!
You take 10 damage, and have 45/92 hp.
The komodo dragon bites you.
You are engulfed in flames!
You take 14 damage, and have 31/92 hp.
The komodo dragon bites you!
* * * LOW HITPOINT WARNING * * *
You are engulfed in flames!
* * * LOW HITPOINT WARNING * * *
You take 21 damage, and have 11/92 hp.
MASSIVE DAMAGE!!
Okay, then.
As you read the scroll of fear, it crumbles to dust.
You assume a fearsome visage.
The komodo dragon looks frightened!
The plant is unaffected. x2
The komodo dragon hisses angrily.
Okay, then.
You feel yourself speed up.
The komodo dragon is struck by your spines.
The komodo dragon barely misses you.
The komodo dragon seems to regain its courage.
The komodo dragon bites you!
* * * LOW HITPOINT WARNING * * *
You are engulfed in flames!
You die...

......#.##..#.####.....####.....#
........#...............[#.....##
...........#.........#........###
...........##.......#........#..#
...#..P.#.####....#....P.....####
##....######.##.###.#.......#.#
........#.#).##.####.#.....####
.............<....#..#....#.#
....[...........@l..#....####
..>....................#P#
#.####.#..#....##.#..##### ###
#######.##.###### ######


You could see a komodo dragon (flame-wreathed).

Vanquished Creatures
  Harold (D:11)
  3 hydras
  Erica (D:11)
  A two-headed ogre (D:10)
  6 death yaks
  Pikel (D:5)
  4 manticores
  3 elephants (Lair:4)
  2 centaur zombies (D:11)
  A black mamba (Lair:4)
  5 cane toads
  A gargoyle (D:10)
  An unseen horror (D:10)
  2 kobold demonologists
  A tengu conjurer (D:12)
  4 komodo dragons
  A freezing wraith (IceCv)
  An anaconda simulacrum (IceCv)
  3 trolls
  A hornet (Lair:4)
  A nameless horror (Lair:3)
  8 blink frogs (Lair:2)
  3 slime creatures (D:12)
  2 shadows
  6 yaks
  2 wraiths
  5 wyverns
  3 basilisks
  3 steam dragons (D:9)
  5 fire elementals (Lair:5)
  2 vampire mosquitoes (D:11)
  Edmund (D:5)
  8 water moccasins
  2 orc warriors
  2 sky beasts (D:9)
  An ice beast (D:6)
  3 necrophages
  An ogre (D:4)
  7 wolves
  4 centaurs
  2 lemures (D:5)
  8 kobold brigands
  6 bullfrogs
  9 gnoll sergeants
  9 scorpions
  A cane toad simulacrum (IceCv)
  4 killer bees
  5 wights (D:10)
  A jelly (D:5)
  3 electric eels
  6 hounds
  An orc priest (D:9)
  Crazy Yiuf (D:7)
  A centaur skeleton (D:5)
  6 gnoll shamans (Bailey)
  Terence (D:2)
  An iguana (D:5)
  12 orc wizards
  2 killer bee zombies
  25 gnolls
  7 adders
  A howler monkey skeleton (D:6)
  A white imp (D:6)
  An ufetubus (D:5)
  An adder skeleton (D:4)
  4 worms
  A dart slug (D:4)
  33 orcs
  16 endoplasms
  9 giant cockroaches
  8 goblins
  9 hobgoblins
  7 jackals
  22 kobolds
  5 quokkas
  8 ball pythons
  3 bats
  5 frilled lizards
  2 rats
359 creatures vanquished.

Vanquished Creatures (collateral kills)
  6 hydras
  A catoblepas (Lair:3)
  3 death yaks
  2 black mambas (Lair:6)
  2 elephants (Lair:4)
  3 cane toads
  A rime drake (Lair:6)
  2 komodo dragons
  A polar bear (Lair:6)
  10 yaks
  3 fire elementals (Lair:5)
  8 water moccasins
  12 wolves
  A bullfrog (Lair:3)
  A gnoll sergeant (Bailey)
  A jelly (Lair:6)
  A worm (Lair:4)
  An endoplasm (Lair:6)
  A foxfire (Lair:4)
60 creatures vanquished.

Vanquished Creatures (others)
  A sky beast (D:9)
  126 foxfires
  139 fulminant prisms
  33 fungi
  44 plants
343 creatures vanquished.

Grand Total: 762 creatures vanquished

Notes
Turn   | Place    | Note
-------+----------+-------------------------------------------
     0 | D:1      | jasper the Demonspawn Conjurer began the quest for the Orb.
     0 | D:1      | Reached XP level 1. HP: 13/13 MP: 3/3
   141 | D:1      | Found a faded altar of an unknown god.
   155 | D:1      | Gained mutation: You have large cloven feet. [demonic
                  | ancestry]
   155 | D:1      | Reached XP level 2. HP: 14/19 MP: 0/5
   232 | D:1      | Became a worshipper of Ignis, the Dying Flame
  1026 | D:1      | Reached skill level 5 in Conjurations
  1092 | D:1      | Gained mutation: You are partially covered in sharp spines.
                  | [demonic ancestry]
  1092 | D:1      | Reached XP level 3. HP: 24/24 MP: 3/6
  1704 | D:2      | Learned a level 2 spell: Searing Ray
  1708 | D:2      | Learned a level 3 spell: Dazzling Flash
  1869 | D:2      | Noticed Terence
  2459 | D:3      | Gained mutation: You have hoof-like feet. [demonic
                  | ancestry]
  2459 | D:3      | Reached XP level 4. HP: 30/30 MP: 3/7
  2589 | D:3      | Noticed Ijyb
  2702 | D:2      | Killed Terence
  2711 | D:2      | Learned a level 2 spell: Sublimation of Blood
  2841 | D:2      | Noticed Jessica
  2926 | D:4      | Noticed an ogre
  2931 | D:4      | Killed an ogre
  2932 | D:4      | Reached XP level 5. HP: 35/35 MP: 8/11
  2941 | D:4      | Reached XP level 6. HP: 41/41 MP: 8/13
  2946 | D:4      | Learned a level 4 spell: Fulminant Prism
  3396 | D:4      | Found a staircase to the Ecumenical Temple.
  3595 | D:4      | Reached skill level 5 in Spellcasting
  4154 | D:4      | Identified a scroll of acquirement
  4154 | D:4      | Acquired the ring "Zuaqonek" {rC+ Will+ Int+3 Stlth+}
  4408 | D:5      | Entered Level 5 of the Dungeon
  4616 | D:4      | Learned a level 4 spell: Iskenderun's Mystic Blast
  4740 | D:5      | Gained mutation: You have hooves in place of feet. [demonic
                  | ancestry]
  4740 | D:5      | Reached XP level 7. HP: 46/46 MP: 10/16
  4814 | D:5      | Reached skill level 1 in Translocations
  5164 | D:5      | Noticed Edmund
  5168 | D:5      | Killed Edmund
  5172 | D:5      | Noticed Pikel
  5209 | D:5      | Killed Pikel
  5210 | D:5      | Reached skill level 5 in Hexes
  5210 | D:5      | Gained mutation: Spells you cast may paralyse adjacent
                  | enemies. [demonic ancestry]
  5210 | D:5      | Reached XP level 8. HP: 32/52 MP: 9/17
  5581 | D:5      | Found a blossoming altar of Fedhas.
  5583 | D:5      | Found a hide-covered altar of Uskayaw.
  5981 | D:6      | Found a basalt altar of Yredelemnul.
  6129 | D:6      | Reached skill level 1 in Fighting
  6129 | D:6      | Reached skill level 1 in Shields
  6210 | D:6      | You fall into a shaft and drop 1 floor!
  6220 | D:7      | Found a runed translucent door.
  6221 | D:7      | Noticed Crazy Yiuf
  6229 | D:7      | Killed Crazy Yiuf
  6386 | D:7      | Noticed Joseph
  6398 | D:8      | Noticed Maggie
  6804 | D:6      | Found a radiant altar of Vehumet.
  7040 | D:6      | Noticed a kobold demonologist
  7054 | D:6      | Killed a kobold demonologist
  7055 | D:6      | Reached XP level 9. HP: 62/62 MP: 12/19
  7743 | D:8      | Found a stormy altar of Qazlal.
  7767 | D:9      | Noticed a troll
  7776 | D:9      | Killed a troll
  8250 | D:9      | Found a shimmering blue altar of Sif Muna.
  8271 | D:9      | Got Sif Muna's Guide on the Birds
  8725 | D:9      | Found a staircase to the Orcish Mines.
  8894 | D:9      | Gained mutation: Spells you cast may paralyse nearby
                  | enemies. [demonic ancestry]
  8894 | D:9      | Reached XP level 10. HP: 39/71 MP: 13/20
  9239 | D:10     | Entered Level 10 of the Dungeon
  9359 | D:10     | Learned a level 7 spell: Summon Hydra
  9559 | D:10     | Identified the ring of the Forsaken Orbs {AC+4 Str+2}
  9562 | D:10     | Noticed a manticore
  9576 | D:10     | Killed a manticore
  9577 | D:10     | Reached skill level 10 in Conjurations
  9577 | D:10     | Reached skill level 2 in Summonings
  9966 | D:10     | Noticed a two-headed ogre
  9981 | D:10     | Killed a two-headed ogre
  9982 | D:10     | Reached skill level 4 in Summonings
 10095 | D:10     | Reached skill level 5 in Summonings
 10292 | D:10     | Noticed a phantasmal warrior
 10348 | D:10     | Noticed a gargoyle
 10364 | D:10     | Killed a gargoyle
 10662 | D:11     | Reached skill level 6 in Summonings
 11216 | D:11     | Reached skill level 7 in Summonings
 11348 | D:11     | Found a staircase to the Lair.
 11480 | D:11     | Noticed a manticore
 11621 | Lair:1   | Entered Level 1 of the Lair of Beasts
 11665 | Lair:1   | Noticed a death yak
 11861 | Lair:1   | Noticed a death yak
 11870 | Lair:1   | Killed a death yak
 11871 | Lair:1   | Reached skill level 8 in Summonings
 11871 | Lair:1   | Gained mutation: You are mostly covered in sharp spines.
                  | [demonic ancestry]
 11871 | Lair:1   | Reached XP level 11. HP: 76/76 MP: 9/21
 12155 | Lair:1   | Reached skill level 9 in Summonings
 12204 | Lair:1   | Found a frozen archway.
 12213 | IceCv    | Entered an ice cave
 12832 | Lair:1   | Noticed a five-headed hydra
 12845 | Lair:1   | Killed a five-headed hydra
 12846 | Lair:1   | Reached skill level 10 in Summonings
 12998 | Lair:1   | Noticed a death yak
 12998 | Lair:1   | Noticed a death yak
 13004 | Lair:1   | Noticed a death yak
 13010 | Lair:1   | Noticed a death yak
 13208 | D:11     | Found a runed translucent door.
 13319 | D:11     | Noticed Harold
 13341 | D:11     | Found a runed translucent door.
 13820 | D:11     | Noticed Erica
 13830 | D:11     | Killed Erica
 14144 | D:11     | Killed Harold
 14145 | D:11     | Reached skill level 11 in Summonings
 14736 | D:12     | Reached skill level 12 in Summonings
 14746 | D:12     | Found a flagged portal.
 14915 | Bailey   | Entered a bailey
 15976 | D:12     | Found Zolus's Weapon Shoppe.
 16005 | D:12     | Reached XP level 12. HP: 32/83 MP: 4/22
 16396 | D:12     | Reached skill level 13 in Summonings
 16895 | Lair:1   | Reached skill level 14 in Summonings
 17887 | Lair:2   | Reached skill level 15 in Summonings
 18026 | Lair:2   | Noticed a five-headed hydra
 18035 | Lair:2   | Killed a five-headed hydra
 18386 | Lair:2   | Noticed a five-headed hydra
 18404 | Lair:2   | Killed a five-headed hydra
 18541 | Lair:2   | Learned a level 4 spell: Summon Ice Beast
 19106 | Lair:3   | Noticed an eight-headed hydra
 19111 | Lair:3   | Killed an eight-headed hydra
 19226 | Lair:3   | Reached skill level 16 in Summonings
 20501 | Lair:4   | Reached XP level 13. HP: 88/88 MP: 14/23
 21302 | Lair:4   | Found a hole to the Spider Nest.
 21519 | Lair:4   | Reached skill level 17 in Summonings
 21941 | Lair:4   | Found a staircase to the Shoals.
 22175 | D:9      | Fell from the grace of Ignis
 22175 | D:9      | Became a worshipper of Sif Muna the Loreminder
 23038 | Lair:5   | Reached skill level 1 in Invocations
 24419 | Lair:6   | Entered Level 6 of the Lair of Beasts
 24814 | Lair:5   | You fall into a shaft and drop 1 floor!
 24851 | Lair:6   | Reached skill level 5 in Invocations
 24852 | Lair:6   | Reached * piety under Sif Muna
 24853 | Lair:6   | Reached skill level 5 in Fighting
 25148 | Lair:5   | Mangled by a komodo dragon

Illustrated notes

Levels and vault maps discovered:
D:1:      eino_arrival_druids_welcome, layout_loops_ring,
          dreamdust_ecumenical_altar_hidden_monk_grotto
D:2:      layout_basic, uniq_terence, uniq_jessica
D:3:      wander_river, layout_rooms, elyvilon_altar_5, feat_on_display,
          uniq_ijyb
D:4:      layout_basic, temple_statues, hangedman_feature_mirror,
          kennysheep_small_square
D:5:      layout_basic, nicolae_overflow_hidden_temple, uniq_pikel, uniq_edmund
D:6:      layout_basic, marbit_many_paths, mainiacjoe_overflow_tiny_flanked
D:7:      layout_basic, okawaru_trees_2, uniq_menkaure, uniq_crazy_yiuf_cottage,
          uniq_joseph
D:8:      layout_rooms, grunt_qazlal_clouds, uniq_maggie, uniq_psyche
D:9:      layout_roguey, led_sif_book, hiddenorc1_lemuel, hangedman_misty_isle
D:10:     layout_rooms, lemuel_doored_altar, serial_bayou_pond_b,
          minmay_misc_feat_secret_circle, wad_dig_loot
D:11:     lemuel_insect_pit, layout_cave_pods, lair_entry_dummy,
          amcnicky_mini_pool_small, hangedman_abyss_or_decor_lesser_grid,
          hex_tiny, uniq_erica, uniq_harold
D:12:     layout_stronghold, enter_bailey_7, serial_shops, nicolae_shop_stone,
          minmay_misc_feat_diagonals
D:13:     layout_small_grid, hangedman_vaults_entry_quadrant_bands, special_room
          [special_room_orc], lemuel_flame_loot_1
Lair:1:   layout_chaotic_city, portal_ice_cave_entry_pillars_2,
          infiniplex_staircase_pool, grunt_megastairs_4
Lair:2:   layout_cave_pods, lemuel_fruit_fields
Lair:3:   layout_regular_city
Lair:4:   layout_roguey, elwin_shoals_entry_rooms,
          nicolae_spider_entry_non_spiders
Lair:5:   layout_concentric_octagons
Lair:6:   evilmike_catoblepas_cave, layout_loops_ring,
          nicolae_slime_entry_slimehenge, lemuel_fruit_fields,
          grunt_megastairs_3, uniq_sonja

Skill      XL: |  1  2  3  4  5  6  7  8  9 10 11 12 13 |
---------------+----------------------------------------+-----
Conjurations   | 5 6 9 10 | 10.0
Spellcasting   | 4 6 7 8 |  8.0
Translocations | 3 |  3.5
Hexes          | 5 |  5.0
Fighting       | 2 3 5 |  5.4
Shields        | 3 4 |  4.0
Summonings     | 8 12 16 17 | 17.0
Dodging        | 3 |  3.7
Invocations    | 6 |  6.5
Stealth        | |  1.7

Action                   |  1- 3 |  4- 6 |  7- 9 | 10-12 | 13-15 || total
-------------------------+-------+-------+-------+-------+-------++-------
Melee: Dagger            |    18 |     2 |     1 |       |       ||    21
       Kick              |       |     1 |     4 |    13 |    14 ||    32
       Quarterstaff      |       |       |     3 |       |       ||     3
       Morningstar       |       |       |     5 |    13 |       ||    18
       Staff             |       |       |       |    36 |    45 ||    81
 Cast: Magic Dart        |   106 |    57 |    69 |    97 |    35 ||   364
       Searing Ray       |       |     8 |    41 |    44 |    12 ||   105
       Fulminant Prism   |       |       |     7 |   126 |     6 ||   139
       Sublimation of Bl |       |       |     1 |     1 |     2 ||     4
       Dazzling Flash    |       |       |     1 |       |       ||     1
       Iskenderun's Myst |       |       |       |    32 |    12 ||    44
       Summon Hydra      |       |       |       |    14 |    23 ||    37
       Summon Ice Beast  |       |       |       |     6 |       ||     6
Invok: Foxfire Swarm     |       |     3 |       |     2 |     3 ||     8
       Sea of Fire       |       |       |       |     1 |       ||     1
Evoke: Wand              |       |     2 |     8 |    22 |     2 ||    34
  Use: Scroll            |     2 |     7 |     6 |    15 |     2 ||    32
       Potion            |       |       |     1 |     1 |     4 ||     6
 Stab: Paralysed         |       |       |       |     7 |     9 ||    16
       Distracted        |       |       |       |       |     1 ||     1
Armor: Robe              |     5 |     5 |     7 |       |       ||    17
       Steam dragon scal |       |       |       |    51 |    29 ||    80
Dodge: Dodged            |    17 |     9 |    34 |    68 |    61 ||   189
Block: Buckler           |       |       |     4 |    49 |    29 ||    82

Table legend: (Time is in decaauts)
 A = Elapsed time spent in this place.
 B = Non-inter-level travel time spent in this place.
 C = Inter-level travel time spent in this place.
 D = Time resting spent in this place.
 E = Time spent auto-exploring this place.
 F = Levels seen in this place.
 G = Mean time per level.
                   A        B        C        D        E       F      G
               +--------+--------+--------+--------+--------+-----+--------+
         Total |  25258 |  24059 |   1199 |   7475 |  13224 |  21 | 1202.8 |
       Dungeon |  15370 |  14543 |    827 |   4196 |   8357 |  13 | 1182.3 |
          Lair |   8979 |   8607 |    372 |   2832 |   4614 |   6 | 1496.5 |
        Bailey |    897 |    897 |      0 |    447 |    252 |   1 |  897.0 |
      Ice Cave |     11 |     11 |      0 |      0 |      0 |   1 |   11.0 |
               +--------+--------+--------+--------+--------+-----+--------+

Top non-repeatable levels by time:
    D:11: 2630 daAuts
  Lair:2: 1963 daAuts
  Lair:5: 1861 daAuts
     D:9: 1820 daAuts
  Lair:4: 1775 daAuts
     D:4: 1738 daAuts
  Lair:3: 1726 daAuts
    D:10: 1663 daAuts
  Lair:1: 1521 daAuts
     D:2: 1349 daAuts
    D:12: 1348 daAuts
     D:1: 1330 daAuts
     D:5: 1315 daAuts
     D:6: 1163 daAuts
  Bailey: 897 daAuts
